 Dungeon Crawl Stone Soup version 0.28.0-53-g5a82cb258f (webtiles) character file.

Game seed: 16785571985344684436

88 pkoi the Digger (level 4, -1/33 HPs)
             Began as a Demigod Earth Elementalist on May 26, 2022.
             Slain by Terence
             ... wielding a +2 falchion of distortion
              (6 damage)
             ... on level 3 of the Dungeon.
             The game lasted 00:03:38 (2317 turns).

pkoi the Digger (Demigod Earth Elementalist)        Turns: 2317, Time: 00:03:39

Health: -1/33      AC:  5    Str:  9    XL:     4   Next: 9%
Magic:  3/9        EV: 12    Int: 21    God:
Gold:   105        SH:  0    Dex: 14    Spells: 2/6 levels left

rFire   . . .      SeeInvis .   e - +1 dagger (drain)
rCold   . . .      Faith    .   (no shield)
rNeg    . . .      Spirit   .   b - +0 robe
rPois   .          Reflect  .   (no helmet)
rElec   .          Harm     .   (no cloak)
rCorr   .          Rampage  .   o - +0 pair of gloves
Will    .....                   n - +1 pair of boots
Stlth   ++........              (no amulet)
HPRegen 0.11/turn               (no ring)
MPRegen 0.11/turn               (no ring)

@: no status effects
A: high MP 1, forlorn, divine attributes
a: no special abilities


You were on level 3 of the Dungeon.
You visited 1 branch of the dungeon, and saw 3 of its levels.

You collected 105 gold pieces.

Inventory:

Hand Weapons
 a - a +0 club
 e - a +1 dagger of draining (weapon)
Missiles
 c - 58 stones
 h - 5 curare-tipped darts
 m - 4 poisoned darts
Armour
 b - a +0 robe (worn)
 n - a +1 pair of boots (worn)
 o - a +0 pair of gloves (worn)
Scrolls
 d - a scroll of amnesia {unknown}
 i - 2 scrolls of identify {unknown}
 j - 2 scrolls of fear {unknown}
 l - 2 scrolls of summoning {unknown}
Potions
 f - a potion of ambrosia {unknown}
 g - a potion of heal wounds {unknown}
 k - a potion of haste {unknown}


   Skills:
 - Level 1.7 Dodging
 - Level 1.7 Stealth
 - Level 1.7 Spellcasting
 + Level 0.0 Conjurations
 + Level 2.7 Transmutations
 + Level 3.8 Earth Magic


You had 2 spell levels left.
You knew the following spells:

 Your Spells              Type           Power      Damage    Failure   Level
a - Sandblast             Erth           34%        2d9       3%          1
b - Passwall              Tmut/Erth      12%        N/A       6%          2
c - Magic Dart            Conj           4%         1d3       16%         1

Your spell library contained the following spells:

 Spells                   Type           Power      Damage    Failure   Level
 Call Imp                 Summ           1%         N/A       22%         2
 Stone Arrow              Conj/Erth      18%        3d8       21%         3
 Petrify                  Tmut/Erth      15%        N/A       36%         4
 Mephitic Cloud           Conj/Pois/Air  1%         N/A       41%         3


Dungeon Overview and Level Annotations

Branches:
Dungeon (3/15)

Annotations:
D:3 Terence


Innate Abilities, Weirdness & Mutations

You have an increased reservoir of magic. (+10% MP)
You shall have no god before yourself.
Your divine heritage dramatically boosts your attributes as you level up.


Message History

Unknown command.
You aren't carrying any items that you can evoke.
Unknown command.
Okay, then.
Unknown command.
Terence shouts!
A rat comes into view.
The blast of sand hits Terence.
Terence is moderately wounded.
The blast of sand hits Terence.
Terence is heavily wounded.
The blast of sand hits Terence but does no damage.
Terence is heavily wounded.
Terence says, "Time to say good-bye..."
Terence closely misses you.
Aiming: Sandblast (safe; 3% risk of failure)
Press: ? - help, Q - select action, (/) - cycle Shift-Dir - straight line, f/p - Terence
Aim: Terence, wielding a +2 falchion of distortion and wearing a +0 scale mail (heavily wounded, 82% to hit)
The blast of sand hits Terence.
Terence is severely wounded.
Terence hits you with a +2 falchion of distortion.
Space warps horribly around you!!
Ouch! That really hurt!
* * * LOW HITPOINT WARNING * * *
Aiming: Sandblast (safe; 3% risk of failure)
Press: ? - help, Q - select action, (/) - cycle Shift-Dir - straight line, f/p - Terence
Aim: Terence, wielding a +2 falchion of distortion and wearing a +0 scale mail (severely wounded, 82% to hit)
The blast of sand hits Terence but does no damage.
Terence is severely wounded.
Terence hits you with a +2 falchion of distortion.
* * * LOW HITPOINT WARNING * * *
Space warps around you.
* * * LOW HITPOINT WARNING * * *
Aiming: Sandblast (safe; 3% risk of failure)
Press: ? - help, Q - select action, (/) - cycle Shift-Dir - straight line, f/p - Terence
Aim: Terence, wielding a +2 falchion of distortion and wearing a +0 scale mail (severely wounded, 82% to hit)
The blast of sand hits Terence but does no damage.
Terence is severely wounded.
Terence hits you with a +2 falchion of distortion.
You die...

.... .......#
.....#......#
............
.....#.....
..........#
###.......# ##
......@r..# #.##
.......@..#.#..#
..........#.#..#
.....####.#.#..#
.... #.#.#..#
### #.#.#..#
#.#.#..####
##'#.#....>#
#......###.#
#....#####.#


You could see Terence and a rat.

Vanquished Creatures
  3 gnolls (D:2)
  3 adders (D:2)
  A worm (D:2)
  4 ball pythons
  A bat (D:2)
  An endoplasm (D:2)
  6 goblins
  3 hobgoblins
  A frilled lizard (D:2)
  7 kobolds
  5 rats
35 creatures vanquished.

Notes
Turn   | Place    | Note
-------+----------+-------------------------------------------
     0 | D:1      | pkoi the Demigod Earth Elementalist began the quest for the
                  | Orb.
     0 | D:1      | Reached XP level 1. HP: 14/14 MP: 5/5
    75 | D:1      | Reached skill level 1 in Transmutations
   538 | D:1      | Reached skill level 3 in Earth Magic
   553 | D:1      | Reached XP level 2. HP: 17/20 MP: 7/7
  1475 | D:2      | Reached XP level 3. HP: 24/26 MP: 2/8
  1976 | D:2      | Reached XP level 4. HP: 27/33 MP: 3/9
  2239 | D:3      | Learned a level 2 spell: Passwall
  2241 | D:3      | Learned a level 1 spell: Magic Dart
  2309 | D:3      | Noticed Terence
  2317 | D:3      | Slain by Terence

Illustrated notes

Levels and vault maps discovered:
D:1:      wander_arrival_desolate, layout_basic,
          shapermc_ecumenical_altar_flowoftime, minivault_26
D:2:      layout_basic, basic_altar
D:3:      layout_basic, lemuel_round_altar, serial_shops, shop_fountains, shop,
          shop, uniq_jessica, uniq_terence

Skill      XL: |  1  2 |
---------------+-------+-----
Transmutations | 1 2 |  2.7
Earth Magic    | 3 |  3.8
Dodging        | |  1.7
Stealth        | |  1.7
Spellcasting   | |  1.7

Action                   |  1- 3 |  4- 6 || total
-------------------------+-------+-------++-------
Melee: Dagger            |    32 |       ||    32
       Club              |     5 |       ||     5
 Cast: Sandblast         |    34 |     7 ||    41
Armor: Robe              |    12 |       ||    12
Dodge: Dodged            |    33 |     1 ||    34
